 Dungeon Crawl Stone Soup version 0.17.1-1-g73c8601 (webtiles) character file.

8351 Implojin the Grappler (level 11, -21/119 HPs)
             Began as a Troll Fighter on Apr 4, 2016.
             Was a Priest of Okawaru.
             Killed from afar by Nergalle (33 damage)
             ... with a bolt of negative energy
             ... on level 10 of the Dungeon.
             The game lasted 00:22:45 (3170 turns).

Implojin the Grappler (Troll Fighter)               Turns: 3170, Time: 00:22:46

Health: -21/119    AC:  5    Str: 26    XL:     11   Next: 8%
Magic:  19/19      EV: 10    Int: 10    God:    Okawaru [***...]
Gold:   231        SH: 10    Dex: 12    Spells: 0 memorised, 10 levels left

rFire  . . .     SeeInvis .       - Unarmed
rCold  . . .     Clarity  .     a - +0 robe
rNeg   . . .     SustAt   .     b - +0 shield
rPois  .         Gourm    +     (helmet restricted)
rElec  .         Spirit   .     (no cloak)
rCorr  .         Warding  .     (gloves unavailable)
rMut   .         Stasis   .     (boots unavailable)
MR     .....                    (no amulet)
Stlth  ++........               u - +6 ring of intelligence
                                s - ring of magical power

@: heroism, very slightly contaminated, hasted, heavily drained, very quick, not
resistant to hostile enchantments, unstealthy
A: unfitting armour, claws 3, fast metabolism 3, gourmand, regeneration 2,
shaggy fur 1, tough skin 2
a: Heroism, Renounce Religion


You were on level 10 of the Dungeon.
You worshipped Okawaru.
Okawaru was most pleased with you.
You were very full.

You visited 1 branch of the dungeon, and saw 10 of its levels.
You also visited: Sewer and Bailey.

You collected 231 gold pieces.

Inventory:

Hand Weapons
 C - a +0 blowgun
 E - a +0 short sword of distortion
Missiles
 p - 5 tomahawks
 t - 5 poisoned tomahawks (quivered)
 B - 4 curare-tipped needles
Armour
 a - a +0 robe (worn)
 b - a +0 shield (worn)
 G - a +1 robe of cold resistance
Jewellery
 s - a ring of magical power (left claw)
 u - a +6 ring of intelligence (right claw)
 F - an uncursed ring of ice
Wands
 c - a wand of fire (0)
 e - a wand of hasting (4)
 o - a wand of magic darts (34)
 q - a wand of lightning (7)
 r - a wand of invisibility (4)
 I - a wand of fire (9)
Scrolls
 i - 2 scrolls of teleportation
 j - 4 scrolls of recharging
 w - 4 scrolls of remove curse
 A - a scroll of enchant weapon {unknown}
 D - a scroll of fear {unknown}
Potions
 g - a potion of curing
 k - 3 potions of brilliance
 l - a potion of magic
 v - a potion of ambrosia {unknown}
 x - 2 potions of flight {unknown}
 H - a potion of cancellation {unknown}
Books
 y - the Volume of Transmutation and Evil Arts
   (You found it in a bailey)

   Spells                             Type                      Level
   a - Beastly Appendage              Transmutation                1
   b - Stoneskin                      Transmutation/Earth          2
   c - Regeneration                   Charms/Necromancy            3
   d - Animate Dead                   Necromancy                   4
   e - Control Undead                 Necromancy                   4
   f - Irradiate                      Conjuration/Transmutation    5
 z - a book of the Earth

   Spells                             Type                      Level
   a - Leda's Liquefaction            Hexes/Earth                  4
   b - Bolt of Magma                  Conjuration/Fire/Earth       5
   c - Statue Form                    Transmutation/Earth          6
   d - Iron Shot                      Conjuration/Earth            6
   e - Shatter                        Earth                        9
Comestibles
 d - 3 bread rations
 f - 27 fruits
 h - 2 beef jerkies
 m - 3 meat rations
 n - a royal jelly
 J - a chunk of flesh


   Skills:
 * Level 10.5(12.5) Fighting
 - Level 2.4(4.9) Dodging
 - Level 2.4(4.9) Shields
 - Level 12.2(14.1) Unarmed Combat


You had 10 spell levels left.
You didn't know any spells.

Dungeon Overview and Level Annotations

Branches:
Dungeon (10/15)
 Temple: D:4-7         Lair: D:8-11         Orc: D:9-12

Altars:
Dithmenos
Kikubaaqudgha
Vehumet
Zin

Shops:
D:8 (

Annotations:
D:7 exclusion: statue
D:10 Nergalle


Innate Abilities, Weirdness & Mutations

You are too large for most types of armour.
You have claws for hands.
Your metabolism is lightning-fast.
You like to eat raw meat.
You heal very quickly.
You are covered in fur (AC +1).
You have very tough skin (AC +2).


Message History

You scratch Nergalle but do no damage.
Nergalle is almost dead.
You block the orc's attack. The spectral orc barely misses you.
You block the spectral orc knight's attack.
The spectral orc knight hits you from afar with a halberd!
* * * LOW HITPOINT WARNING * * *
Unknown command.
You claw Nergalle!
Nergalle is almost dead.
You block the spectral orc's attack. The orc closely misses you.
The orc hits you from afar with a trident.
* * * LOW HITPOINT WARNING * * *
You block the spectral orc's attack. Nergalle barely misses you.
Read which item? (? for menu, Esc to quit)
Okay, then.
Drink which item? (? for menu, Esc to quit)
Okay, then.
Read which item? (? for menu, Esc to quit)
Okay, then.
The orc hits you with an enchanted dagger.
* * * LOW HITPOINT WARNING * * *
The spectral orc knight closely misses you.
The spectral orc knight hits you but does no damage.
Unknown command.
You barely miss Nergalle.
Nergalle is almost dead.
Nergalle closely misses you. The orc hits you but does no damage.
The orc hits you with an enchanted dagger.
* * * LOW HITPOINT WARNING * * *
You claw Nergalle!
Nergalle is almost dead.
The spectral orc hits you but does no damage.
You scratch Nergalle but do no damage.
Nergalle is almost dead.
The orc barely misses you.
The spectral orc knight closely misses you. x2
Nergalle grimaces horribly.
Nergalle casts a spell at you. The bolt of negative energy hits you!
You feel drained.
You die...

#.........
#.........
##.######.........
#.....[...........
#..#.####)..<#.....
#.###..#####)...
#.##..## #.....
###....######.##)#
##@o.#.........##.#
##ZZoo.......#####.#
#Z.Z#..#####.....#.)
##.###..# #####..##
####..# #..# ##.##
#....## #..## #.##
.$.......#
#....########.##
#####.####
##.............. #..
...#.######...<


You could see Nergalle, 2 spectral orcs, 2 spectral orc knights and 2 orcs.

Vanquished Creatures
  Sonja (D:10)
  2 swamp dragons (Bailey)
  An orc sorcerer (Bailey)
  An orc knight (Bailey)
  A gargoyle (D:10)
  A kobold demonologist (Bailey)
  Grinder (D:4)
  2 hippogriffs
  9 yaks (D:10)
  A deep elf mage (D:10)
  A mottled dragon (Bailey)
  10 orc warriors (Bailey)
  2 water moccasins
  4 ogres
  A phantom (D:7)
  2 centaurs
  A big kobold (D:8)
  2 giant frogs
  3 electric eels (Bailey)
  4 killer bees (D:8)
  A crimson imp (D:8)
  5 hounds
  A giant frog zombie (D:7)
  4 orc wizards
  3 orc priests
  2 worker ants (D:5)
  Robin (D:2)
  8 gnolls
  5 adders
  A shadow imp (D:9)
  An ooze (D:2)
  A worm (D:2)
  6 giant geckos
  15 orcs
  6 ball pythons
  2 giant cockroaches
  19 goblins
  14 hobgoblins
  2 jackals (D:5)
  3 kobolds
  A quokka (D:5)
  3 bats
  8 giant newts
  4 rats
166 creatures vanquished.

Vanquished Creatures (others)
  Fannar (D:10)
  2 hobgoblins (Bailey)
3 creatures vanquished.

Grand Total: 169 creatures vanquished

Notes
Turn   | Place    | Note
--------------------------------------------------------------
     0 | D:1      | Implojin the Troll Fighter began the quest for the Orb.
     0 | D:1      | Reached XP level 1. HP: 22/22 MP: 0/0
    56 | D:1      | Reached XP level 2. HP: 29/29 MP: 1/1
   100 | D:2      | Noticed Robin
   119 | D:2      | Reached skill level 3 in Unarmed Combat
   138 | D:2      | Killed Robin
   138 | D:2      | Reached XP level 3. HP: 36/36 MP: 2/2
   197 | D:2      | Found a glowing silver altar of Zin.
   281 | D:2      | Reached skill level 4 in Unarmed Combat
   328 | D:2      | Reached XP level 4. HP: 36/44 MP: 3/3
   481 | D:4      | Found a glowing drain.
   491 | Sewer    | Entered a sewer
   510 | Sewer    | Reached skill level 5 in Unarmed Combat
   589 | Sewer    | Reached XP level 5. HP: 50/50 MP: 4/4
   800 | D:4      | Noticed Grinder
   864 | D:4      | Killed Grinder
   864 | D:4      | Reached skill level 7 in Unarmed Combat
   864 | D:4      | Reached XP level 6. HP: 24/59 MP: 5/5
   966 | D:5      | Entered Level 5 of the Dungeon
  1000 | D:5      | Reached XP level 7. HP: 53/66 MP: 6/6
  1103 | D:5      | Reached skill level 8 in Unarmed Combat
  1203 | D:5      | Found an ancient bone altar of Kikubaaqudgha.
  1203 | D:5      | Noticed a water moccasin
  1214 | D:5      | Killed a water moccasin
  1214 | D:5      | Reached skill level 9 in Unarmed Combat
  1382 | D:7      | Reached XP level 8. HP: 74/74 MP: 7/7
  1403 | D:7      | Reached skill level 3 in Fighting
  1405 | D:7      | Found a shadowy altar of Dithmenos.
  1523 | D:8      | Reached skill level 4 in Fighting
  1621 | D:7      | Reached skill level 5 in Fighting
  1631 | D:7      | Found a radiant altar of Vehumet.
  1658 | D:7      | Found a flagged portal.
  1680 | Bailey   | Entered a bailey
  1713 | Bailey   | Found an iron altar of Okawaru.
  1713 | Bailey   | Noticed an orc sorcerer
  1713 | Bailey   | Noticed a kobold demonologist
  1726 | Bailey   | Reached skill level 6 in Fighting
  1727 | Bailey   | Noticed a hellwing
  1728 | Bailey   | Noticed an ice devil
  1728 | Bailey   | Noticed a red devil
  1731 | Bailey   | Killed a kobold demonologist
  1731 | Bailey   | Reached XP level 9. HP: 92/92 MP: 8/8
  1737 | Bailey   | Killed an orc sorcerer
  1737 | Bailey   | Reached skill level 7 in Fighting
  1786 | Bailey   | Noticed a swamp dragon
  1791 | Bailey   | Became a worshipper of Warmaster Okawaru
  1845 | Bailey   | Noticed an orc knight
  1866 | Bailey   | Killed an orc knight
  1866 | Bailey   | Reached skill level 8 in Fighting
  2165 | Bailey   | Reached * piety under Okawaru
  2219 | Bailey   | Reached skill level 9 in Fighting
  2286 | Bailey   | Reached skill level 10 in Unarmed Combat
  2394 | Bailey   | Killed a swamp dragon
  2394 | Bailey   | Reached ** piety under Okawaru
  2394 | Bailey   | Reached XP level 10. HP: 89/107 MP: 9/9
  2436 | Bailey   | Noticed a swamp dragon
  2649 | Bailey   | Identified the Volume of Transmutation and Evil Arts
  2666 | Bailey   | Killed a swamp dragon
  2666 | Bailey   | Reached skill level 11 in Unarmed Combat
  2731 | D:8      | Found Reock's Weapon Emporium.
  2925 | D:10     | Entered Level 10 of the Dungeon
  2952 | D:10     | Reached skill level 12 in Unarmed Combat
  2962 | D:10     | Reached *** piety under Okawaru
  2988 | D:10     | Noticed Sonja
  3001 | D:10     | Killed Sonja
  3001 | D:10     | Reached skill level 10 in Fighting
  3024 | D:10     | Noticed Fannar
  3042 | D:10     | Killed Fannar
  3042 | D:10     | Reached XP level 11. HP: 62/119 MP: 10/10
  3094 | D:10     | Noticed Nergalle
  3170 | D:10     | Killed from afar by Nergalle

Action                   |  1- 3 |  4- 6 |  7- 9 | 10-12 || total
-------------------------+-------+-------+-------+-------++-------
Melee: Unarmed           |    95 |   110 |   194 |   118 ||   517
Throw: Tomahawk          |       |       |     3 |       ||     3
Invok: Heroism           |       |       |     2 |     7 ||     9
Evoke: Wand              |       |       |     3 |     3 ||     6
  Use: Potion            |       |     3 |     3 |     1 ||     7
       Scroll            |       |     3 |     4 |     4 ||    11
 Stab: Distracted        |       |     1 |       |       ||     1
       Invisible         |       |       |     1 |     2 ||     3
  Eat: Chunk             |     8 |     2 |    19 |     7 ||    36

Table legend:
 A = Turns spent in this place as a percentage of turns spent in the entire game.
 B = Non-inter-level travel turns spent in this place as a percentage of non-inter-level travel turns spent in the entire game.
 C = Inter-level travel turns spent in this place as a percentage of turns spent in this place.
 D = Turns resting spent in this place as a percentage of non-inter-level travel turns spent in this place.
 E = Turns spent auto-exploring this place as a percentage of non-inter-level travel turns spent in this place.
 F = Non-inter-level travel turns spent in this place divided by the number of levels of this place that you've seen.
                   A       B       C       D       E      F
               +-------+-------+-------+-------+-------+----------------------
         Total | 100.0 | 100.0 |   0.0 |   0.6 |   0.0 | 233.2
       Dungeon |  66.5 |  66.5 |   0.0 |   0.0 |   0.0 | 186.0
         Sewer |   8.7 |   8.7 |   0.0 |   0.0 |   0.0 | 244.0
        Bailey |  24.8 |  24.8 |   0.0 |   2.4 |   0.0 | 694.0
               +-------+-------+-------+-------+-------+----------------------

Table legend:
 A = Kills in this place as a percentage of kills in entire the game.
 B = Kills by you in this place as a percentage of kills by you in the entire game.
 C = Kills by friends in this place as a percentage of kills by friends in the entire game.
 D = Other kills in this place as a percentage of other kills in the entire game.
 E = Experience gained in this place as a percentage of experience gained in the entire game.
 F = Experience gained in this place divided by the number of levels of this place that you have seen.
                   A       B       C       D       E      F
               +-------+-------+-------+-------+-------+----------------------
         Total | 100.0 | 100.0 |  -nan | 100.0 | 100.0 | 994.2
       Dungeon |  67.1 |  66.9 |  -nan | 100.0 |  61.8 | 737.8
         Sewer |   7.2 |   7.2 |  -nan |   0.0 |   0.5 |  54.0
        Bailey |  25.7 |  25.9 |  -nan |   0.0 |  37.7 | 4499.0
               +-------+-------+-------+-------+-------+----------------------
